 Dungeon Crawl Stone Soup version 0.29-a0-323-g050149af67 (webtiles) character file.

Game seed: 9796255428054926054

76 knvklrw the Vexing (level 4, -2/21 HPs)
             Began as a Spriggan Enchanter on Apr 11, 2022.
             Slain by Grinder (6 damage)
             ... on level 3 of the Dungeon.
             The game lasted 00:08:00 (3022 turns).

knvklrw the Vexing (Spriggan Enchanter)             Turns: 3022, Time: 00:08:00

Health: -2/21      AC:  2    Str:  6    XL:     4   Next: 12%
Magic:  8/11       EV: 17    Int: 16    God:
Gold:   74         SH:  0    Dex: 15    Spells: 0/11 levels left

rFire   + . .      SeeInvis +   a - +2 dagger (vamp)
rCold   + . .      Faith    .   (no shield)
rNeg    . . .      Spirit   .   b - +0 robe
rPois   +          Reflect  .   (helmet restricted)
rElec   +          Harm     .   (no cloak)
rCorr   +          Rampage  .   (gloves unavailable)
Will    .....                   (boots unavailable)
Stlth   +++.......              (no amulet)
HPRegen 0.07/turn               (no ring)
MPRegen 0.12/turn               (no ring)

@: confusing by touch, resistant, very quick
A: very small, no large weapons, unfitting armour, see invisible, speed 3
a: no special abilities


You were on level 3 of the Dungeon.
You visited 1 branch of the dungeon, and saw 3 of its levels.

You collected 74 gold pieces.

Inventory:

Hand Weapons
 a - a +2 vampiric dagger (weapon)
 k - a +1 dagger of venom
Missiles
 f - 8 poisoned darts (quivered)
Armour
 b - a +0 robe (worn)
Jewellery
 e - a ring of flight
Wands
 j - a wand of flame (21)
Scrolls
 d - 2 scrolls of identify {unknown}
 h - 2 scrolls of teleportation
Potions
 c - a potion of invisibility


   Skills:
 - Level 1.1 Short Blades
 - Level 2.6 Dodging
 - Level 4.4 Stealth
 + Level 4.3 Spellcasting
 + Level 5.0 Hexes


You couldn't memorise any spells.
You knew the following spells:

 Your Spells              Type           Power      Damage    Failure   Level
a - Ensorcelled Hibernat  Hex/Ice        22%        N/A       9%          2
b - Tukima's Dance        Hex            19%        N/A       6%          3
c - Dazzling Flash        Conj/Hex       22%        N/A       17%         3
d - Confusing Touch       Hex            19%        N/A       6%          3

Your spell library contained the following spells:

 Spells                   Type           Power      Damage    Failure   Level
 Beastly Appendage        Tmut           6%         N/A       17%         1
 Wereblood                Tmut           3%         N/A       26%         2
 Ozocubu's Armour         Ice            3%         N/A       45%         3
 Spider Form              Tmut/Pois      3%         N/A       45%         3
 Metabolic Englaciation   Hex/Ice        5%         N/A       85%         5
 Olgreb's Toxic Radiance  Pois           3%         N/A       86%         4
 Simulacrum               Ice/Necr       1%         N/A       100%        6
 Ozocubu's Refrigeration  Ice            1%         4d5       100%        7
 Ignition                 Fire           1%         3d3       100%        8


Dungeon Overview and Level Annotations

Branches:
Dungeon (3/15)

Altars:

Annotations:
D:3 Grinder


Innate Abilities, Weirdness & Mutations

You are very small and have problems with some larger weapons.
You are too small for most types of armour.
You have supernaturally acute eyesight. (SInv)
You cover ground extremely quickly. (Speed+++)


Message History

You suddenly lose the ability to move!
Grinder blinks!
Grinder says, "Tell me all your secrets, or I'll kill you."
You can move again.
Casting: Ensorcelled Hibernation (safe; 9% risk of failure)
Confirm with . or Enter, or press ? or * to list all spells.
The spell is quite dangerous to miscast (6% risk of failure)!
Continue anyway? [Y]es or [N]o only, please.
The spell is quite dangerous to miscast (6% risk of failure)!
Continue anyway? [Y]es or [N]o only, please.
The spell is quite dangerous to miscast (6% risk of failure)!
Continue anyway? [Y]es or [N]o only, please.
The spell is quite dangerous to miscast (6% risk of failure)!
Continue anyway? [Y]es or [N]o only, please.
The spell is quite dangerous to miscast (6% risk of failure)!
Continue anyway?
Your hands begin to glow red.
Grinder blinks!
You hit Grinder but do no damage. Grinder hits you.
You writhe in agony.
You closely miss Grinder. Grinder gestures at you.
Pain shoots through your body!
Ouch! That really hurt!
* * * LOW HITPOINT WARNING * * *
You are too injured to fight recklessly!
You are too injured to fight recklessly!
You are too injured to fight recklessly!
You are too injured to fight recklessly!
You are too injured to fight recklessly!
You are too injured to fight recklessly!
You are too injured to fight recklessly!
Unknown command.
It was a potion of resistance.
You feel protected. Grinder completely misses you.
It was a potion of curing.
You feel better. Grinder hits you.
You writhe in agony.
Unknown command.
You barely miss Grinder. Grinder hits you!
* * * LOW HITPOINT WARNING * * *
You writhe in agony.
You die...

#.########........
#.# #..........
#.# #.########+
#.# #.# #..... #.#
#.# #..... #.# #.#
#..... #.# #.#
#..<.. #.#
#.####.)... #@#
###.#.......# #5#
#...#.......+
#.######.#.......#
#........#........
##########.######.
#........#.# #.
#.########.######.
#.# #......## #.#
#.....###


You could see Grinder.

Vanquished Creatures
  Natasha (D:2)
  An adder (D:2)
  2 worms (D:2)
  4 orcs (D:3)
  3 ball pythons
  3 endoplasms (D:2)
  A giant cockroach (D:2)
  5 goblins
  A hobgoblin (D:3)
  2 quokkas
  2 bats
  3 frilled lizards
  A kobold (D:3)
  3 rats
32 creatures vanquished.

Vanquished Creatures (collateral kills)
  A ball python (D:2)
1 creature vanquished.

Grand Total: 33 creatures vanquished

Notes
Turn   | Place    | Note
-------+----------+-------------------------------------------
     0 | D:1      | knvklrw the Spriggan Enchanter began the quest for the Orb.
     0 | D:1      | Reached XP level 1. HP: 9/9 MP: 5/5
   456 | D:1      | Found a faded altar of an unknown god.
   736 | D:2      | Noticed Natasha
   833 | D:2      | Reached skill level 4 in Hexes
   833 | D:2      | Reached XP level 2. HP: 13/13 MP: 7/7
   845 | D:2      | Learned a level 2 spell: Ensorcelled Hibernation
  1202 | D:2      | Noticed a crimson imp
  1213 | D:2      | Noticed a crimson imp
  1223 | D:2      | Killed Natasha
  1224 | D:2      | Reached XP level 3. HP: 3/16 MP: 1/9
  1543 | D:2      | Learned a level 3 spell: Tukima's Dance
  1547 | D:2      | Learned a level 3 spell: Confusing Touch
  2138 | D:3      | Reached XP level 4. HP: 21/21 MP: 3/11
  2143 | D:3      | Learned a level 3 spell: Dazzling Flash
  2327 | D:3      | Reached skill level 5 in Hexes
  3008 | D:3      | Noticed Grinder
  3010 | D:3      | Paralysed by Grinder for 3 turns
  3022 | D:3      | Slain by Grinder

Illustrated notes

Levels and vault maps discovered:
D:1:      onia_arrival_pyramid, layout_basic, serial_glass, glass_columns_a,
          glass_columns_b, dilly_ecumenical_altar_fadedgnrine
D:2:      layout_loops_cross, uniq_natasha
D:3:      layout_basic, wad_orctagon, uniq_grinder

Skill      XL: |  1  2  3  4 |
---------------+-------------+-----
Spellcasting   | 3 4 |  4.3
Hexes          | 4 5 |  5.0
Short Blades   | |  1.1
Dodging        | |  2.6
Stealth        | |  4.4

Action                   |  1- 3 |  4- 6 || total
-------------------------+-------+-------++-------
Melee: Dagger            |    72 |    17 ||    89
       Punch             |     2 |       ||     2
 Cast: Ensorcelled Hiber |    12 |     3 ||    15
       Confusing Touch   |       |     1 ||     1
  Use: Scroll            |    11 |       ||    11
       Potion            |     2 |     2 ||     4
 Stab: Sleeping          |    17 |     3 ||    20
Armor: Robe              |     4 |     2 ||     6
Dodge: Dodged            |    58 |     9 ||    67

Table legend: (Time is in decaauts)
 A = Elapsed time spent in this place.
 B = Non-inter-level travel time spent in this place.
 C = Inter-level travel time spent in this place.
 D = Time resting spent in this place.
 E = Time spent auto-exploring this place.
 F = Levels seen in this place.
 G = Mean time per level.
                   A        B        C        D        E       F      G
               +--------+--------+--------+--------+--------+-----+--------+
         Total |   2231 |   2210 |     21 |    399 |   1442 |   3 |  743.7 |
       Dungeon |   2231 |   2210 |     21 |    399 |   1442 |   3 |  743.7 |
               +--------+--------+--------+--------+--------+-----+--------+

Top non-repeatable levels by time:
     D:3: 858 daAuts
     D:1: 738 daAuts
     D:2: 634 daAuts
